 Dungeon Crawl Stone Soup version 0.29-a0-914-g906f1d757c (webtiles) character file.

Game seed: 14120515815279657795

137 wilfster70 the Magician (level 5, 0/37 HPs)
             Began as a Gnoll Hedge Wizard on July 26, 2022.
             Slain by a gnoll
             ... wielding a +0 whip
              (6 damage)
             ... on level 3 of the Dungeon.
             The game lasted 00:07:21 (3585 turns).

wilfster70 the Magician (Gnoll Hedge Wizard)        Turns: 3585, Time: 00:07:22

Health: 0/37       AC:  2    Str:  9    XL:     5   Next: 20%
Magic:  14/14      EV: 13    Int: 16    God:
Gold:   72         SH:  0    Dex: 11    Spells: 7/18 levels left

rFire   . . .      SeeInvis .   a - +1 dagger
rCold   + . .      Faith    .   (no shield)
rNeg    . . .      Spirit   .   b - +0 robe
rPois   .          Reflect  .   c - +0 hat
rElec   .          Harm     .   (no cloak)
rCorr   .          Rampage  .   (no gloves)
Will    .....                   (no boots)
Stlth   ++........              (no amulet)
HPRegen 0.12/turn               n - ring of protection from cold
MPRegen 0.14/turn               e - +4 ring of slaying

@: no status effects
A: fangs 1, strong nose, distributed training
a: no special abilities


You were on level 3 of the Dungeon.
You visited 1 branch of the dungeon, and saw 3 of its levels.

You collected 124 gold pieces.
You spent 52 gold pieces at shops.

Inventory:

Hand Weapons
 a - a +1 dagger (weapon)
Missiles
 m - 5 poisoned darts
Armour
 b - a +0 robe (worn)
 c - a +0 hat (worn)
Jewellery
 e - a +4 ring of slaying (right hand)
 i - a ring of see invisible
 n - a ring of protection from cold (left hand)
Scrolls
 f - 2 scrolls of teleportation
 h - a scroll of fear
Potions
 d - 2 potions of magic
 g - a potion of curing
 j - a potion of heal wounds
 k - a potion of ambrosia {unknown}
 l - a potion of cancellation {unknown}
 o - a potion of might


   Skills:
 + Level 1.4 Fighting
 + Level 1.4 Short Blades
 + Level 1.4 Long Blades
 + Level 1.4 Axes
 + Level 1.4 Maces & Flails
 + Level 1.4 Polearms
 + Level 1.4 Staves
 + Level 1.4 Ranged Weapons
 + Level 1.4 Throwing
 + Level 1.4 Armour
 + Level 4.8 Dodging
 + Level 4.4 Stealth
 + Level 1.4 Shields
 + Level 1.4 Unarmed Combat
 + Level 7.3 Spellcasting
 + Level 2.4 Conjurations
 + Level 1.1 Hexes
 + Level 2.4 Summonings
 + Level 1.1 Necromancy
 + Level 2.4 Translocations
 + Level 1.1 Transmutations
 + Level 1.1 Fire Magic
 + Level 1.1 Ice Magic
 + Level 1.1 Air Magic
 + Level 1.1 Earth Magic
 + Level 1.1 Poison Magic
 + Level 1.6 Invocations
 + Level 1.4 Evocations


You had 7 spell levels left.
You knew the following spells:

 Your Spells              Type           Power      Damage    Failure   Level
a - Magic Dart            Conj           52%        1d5       4%          1
b - Call Imp              Summ           13%        N/A       7%          2
c - Mephitic Cloud        Conj/Pois/Air  10%        N/A       19%         3
d - Conjure Flame         Conj/Fire      11%        6-21      17%         3
g - Blink                 Tloc           26%        N/A       7%          2

Your spell library contained the following spells:

 Spells                   Type           Power      Damage    Failure   Level
 Apportation              Tloc           26%        N/A       4%          1
 Slow                     Hex            36%        N/A       8%          1
 Alistair's Intoxication  Tmut/Pois      6%         N/A       90%         5


Dungeon Overview and Level Annotations

Branches:
Dungeon (3/15)

Altars:

Shops:
D:3 !*


Innate Abilities, Weirdness & Mutations

You have very sharp teeth.
Your uncanny sense of smell can sniff out nearby items.
Your experience applies equally to all skills.


Message History

An adder and an endoplasm come into view.
The endoplasm moves out of view.
The adder hisses angrily.
The gnoll hits you from afar with a +0 spear!
The gnoll attacks as you move away! The gnoll hits you with a +0 whip.
You hit the gnoll.
The gnoll is lightly wounded.
The gnoll hits you with a +0 whip. The gnoll misses you.
You barely miss the gnoll.
The gnoll is lightly wounded.
The gnoll barely misses you. The gnoll closely misses you.
You hit the gnoll but do no damage.
The gnoll is lightly wounded.
The gnoll misses you. The gnoll closely misses you.
You hit the gnoll.
The gnoll is moderately wounded.
The gnoll closely misses you.
The gnoll hits you from afar with a +0 spear.
You closely miss the gnoll.
The gnoll is moderately wounded.
The gnoll barely misses you.
The gnoll hits you from afar with a +0 spear.
You closely miss the gnoll.
The gnoll is moderately wounded.
You hit the gnoll.
The gnoll is severely wounded.
The gnoll barely misses you. x2
You hit the gnoll but do no damage.
The gnoll is severely wounded.
The gnoll closely misses you.
The gnoll hits you from afar with a +0 spear.
You completely miss the gnoll.
The gnoll is severely wounded.
The gnoll barely misses you. The gnoll closely misses you.
You hit the gnoll.
The gnoll is severely wounded.
The gnoll hits you from afar with a +0 spear!
* * * LOW HITPOINT WARNING * * *
The gnoll hits you with a +0 whip.
You die...

#......... #.........
#......... #.........
#......... ##gS..>...
#g############## #g#
#.##.......#
#@###.##.......#
#.∩...##.......###
#####.............
#####.#####... #.#
#... ###.########
#..........#
#...........
###########.)........#


You could see 3 gnolls and an adder.

Vanquished Creatures
  An orc wizard (D:3)
  4 adders
  4 worms
  A dart slug (D:1)
  6 orcs
  4 endoplasms
  A giant cockroach (D:2)
  2 goblins
  2 hobgoblins (D:1)
  3 jackals (D:2)
  3 quokkas
  6 ball pythons
  4 bats (D:1)
  3 frilled lizards
  2 kobolds
  3 rats (D:2)
49 creatures vanquished.

Vanquished Creatures (collateral kills)
  2 worms
  A goblin (D:2)
  A bat (D:2)
4 creatures vanquished.

Vanquished Creatures (others)
  7 toadstools (D:3)
7 creatures vanquished.

Grand Total: 60 creatures vanquished

Notes
Turn   | Place    | Note
-------+----------+-------------------------------------------
     0 | D:1      | wilfster70 the Gnoll Hedge Wizard began the quest for the
                  | Orb.
     0 | D:1      | Reached XP level 1. HP: 13/13 MP: 8/8
   316 | D:1      | Reached XP level 2. HP: 11/19 MP: 7/10
   887 | D:1      | Learned a level 2 spell: Blink
   890 | D:1      | Learned a level 2 spell: Call Imp
  1213 | D:2      | Reached XP level 3. HP: 17/25 MP: 11/11
  1708 | D:2      | Reached skill level 1 in Invocations
  1716 | D:2      | Reached skill level 1 in Fighting
  1716 | D:2      | Reached skill level 1 in Short Blades
  1716 | D:2      | Reached skill level 1 in Long Blades
  1716 | D:2      | Reached skill level 1 in Axes
  1716 | D:2      | Reached skill level 1 in Maces & Flails
  1716 | D:2      | Reached skill level 1 in Polearms
  1716 | D:2      | Reached skill level 1 in Staves
  1716 | D:2      | Reached skill level 1 in Ranged Weapons
  1716 | D:2      | Reached skill level 1 in Throwing
  1716 | D:2      | Reached skill level 1 in Armour
  1716 | D:2      | Reached skill level 1 in Shields
  1716 | D:2      | Reached skill level 1 in Unarmed Combat
  1716 | D:2      | Reached skill level 1 in Evocations
  1901 | D:2      | Learned a level 3 spell: Mephitic Cloud
  1905 | D:2      | Learned a level 3 spell: Conjure Flame
  2156 | D:3      | Found Yghe's General Store.
  2308 | D:3      | Reached XP level 4. HP: 10/32 MP: 13/13
  2686 | D:3      | Reached skill level 1 in Hexes
  2686 | D:3      | Reached skill level 1 in Necromancy
  2686 | D:3      | Reached skill level 1 in Transmutations
  2686 | D:3      | Reached skill level 1 in Fire Magic
  2686 | D:3      | Reached skill level 1 in Ice Magic
  2686 | D:3      | Reached skill level 1 in Air Magic
  2686 | D:3      | Reached skill level 1 in Earth Magic
  2686 | D:3      | Reached skill level 1 in Poison Magic
  3124 | D:3      | Reached XP level 5. HP: 37/37 MP: 11/14
  3557 | D:3      | Found Peuzoasm's Distillery.
  3566 | D:3      | Bought a potion of might for 52 gold pieces
  3585 | D:3      | Slain by a gnoll

Illustrated notes

Levels and vault maps discovered:
D:1:      lightli_molten_gateway, layout_loops_ring, moated_statue,
          minmay_box_of_dots
D:2:      layout_rooms, minmay_misc_feat_tiny
D:3:      cheibrodos_fertilizer, layout_basic,
          hellmonk_ecumenical_altar_arch_garden, serial_shops,
          nicolae_shop_waterfront, shop, grunt_decor_cap, minmay_pentangle

Skill      XL: |  1  2  3  4 |
---------------+-------------+-----
Conjurations   | 2 |  2.4
Summonings     | 2 |  2.4
Translocations | 2 |  2.4
Invocations    | 1 |  1.6
Fighting       | 1 |  1.4
Short Blades   | 1 |  1.4
Long Blades    | 1 |  1.4
Axes           | 1 |  1.4
Maces & Flails | 1 |  1.4
Polearms       | 1 |  1.4
Staves         | 1 |  1.4
Ranged Weapons | 1 |  1.4
Throwing       | 1 |  1.4
Armour         | 1 |  1.4
Shields        | 1 |  1.4
Unarmed Combat | 1 |  1.4
Evocations     | 1 |  1.4
Hexes          | 1 |  1.1
Necromancy     | 1 |  1.1
Transmutations | 1 |  1.1
Fire Magic     | 1 |  1.1
Ice Magic      | 1 |  1.1
Air Magic      | 1 |  1.1
Earth Magic    | 1 |  1.1
Poison Magic   | 1 |  1.1
Dodging        | |  4.8
Stealth        | |  4.4
Spellcasting   | |  7.3

Action                   |  1- 3 |  4- 6 || total
-------------------------+-------+-------++-------
Melee: Dagger            |    94 |    49 ||   143
       Bite              |     7 |     6 ||    13
       Punch             |     2 |       ||     2
 Cast: Magic Dart        |    43 |     1 ||    44
       Call Imp          |     5 |     4 ||     9
  Use: Scroll            |     9 |     1 ||    10
       Potion            |     1 |     1 ||     2
 Stab: Sleeping          |     3 |     1 ||     4
Armor: Robe              |    14 |     3 ||    17
Dodge: Dodged            |    74 |    49 ||   123

Table legend: (Time is in decaauts)
 A = Elapsed time spent in this place.
 B = Non-inter-level travel time spent in this place.
 C = Inter-level travel time spent in this place.
 D = Time resting spent in this place.
 E = Time spent auto-exploring this place.
 F = Levels seen in this place.
 G = Mean time per level.
                   A        B        C        D        E       F      G
               +--------+--------+--------+--------+--------+-----+--------+
         Total |   3579 |   3522 |     57 |   1671 |    840 |   3 | 1193.0 |
       Dungeon |   3579 |   3522 |     57 |   1671 |    840 |   3 | 1193.0 |
               +--------+--------+--------+--------+--------+-----+--------+

Top non-repeatable levels by time:
     D:2: 1525 daAuts
     D:1: 1174 daAuts
     D:3: 878 daAuts
